[Event "Czech Open-E Teams 2022"]
[Site "Pardubice"]
[Date "2022.07.17"]
[Round "7.13"]
[White "Vojta, Jakub"]
[Black "Cech, Pavel"]
[Result "1-0"]
[ECO "C16"]
[WhiteElo "2326"]
[BlackElo "2358"]
[Annotator "ChessBase"]
[PlyCount "78"]
[EventDate "2022.07.14"]
[EventType "team-tourn"]
[EventCountry "CZE"]
[SourceTitle "playchess.com"]
[Source "ChessBase"]
[SourceQuality "1"]
[TimeControl "5400+30"]

1. e4 e6 2. d4 d5 3. Nc3 Bb4 4. e5 b6 5. Qg4 Bf8 6. f4 Ne7 7. Be3 Ba6 8. Bxa6 Nxa6 9. Qe2 Nb4 10. a3 Nbc6 11. Nf3 Qd7 12. Bf2 Na5 13. Nd1 Qc6 14. b3 Ng6 15. g3 h5 16. O-O h4 17. Qd3 hxg3 18. hxg3 Ne7 19. Ne3 f5 20. Be1 Nb7 21. Rc1 Qd7 22. c4 c5 23. b4 dxc4 24. Rxc4 b5 25. Rxc5 Nxc5 26. bxc5 a6 27. Qb3 Qc6 28. Ba5 Ra7 29. Kf2 Rd7 30. Rd1 Nd5 31. Nxd5 Rxd5 32. Bb6 Be7 33. Qb1 Kd7 34. Ke3 Rh3 35. Rg1 g5 36. fxg5 f4+ 37. Kxf4 Qa8 38. Qe4 Qg8 39. a4 Rh7 1-0

[Event "Czech Open-E Teams 2022"]
[Site "Pardubice"]
[Date "2022.07.17"]
[Round "7.14"]
[White "Sodoma, Jan"]
[Black "Virostko, Petr"]
[Result "1/2-1/2"]
[ECO "D12"]
[WhiteElo "2312"]
[BlackElo "2326"]
[Annotator "ChessBase"]
[PlyCount "39"]
[EventDate "2022.07.14"]
[EventType "team-tourn"]
[EventCountry "CZE"]
[SourceTitle "playchess.com"]
[Source "ChessBase"]
[SourceQuality "1"]
[TimeControl "5400+30"]

1. Nf3 d5 2. d4 Nf6 3. c4 c6 4. e3 Bf5 5. Nc3 e6 6. Nh4 Be4 7. f3 Bg6 8. Qb3 Qc7 9. cxd5 Nxd5 10. Nxg6 hxg6 11. Bd2 Be7 12. O-O-O b5 13. Kb1 a6 14. Rc1 Nxc3+ 15. Bxc3 Rxh2 16. Ba5 Qg3 17. Be1 Qc7 18. Ba5 Qg3 19. Be1 Qc7 20. Ba5 1/2-1/2

[Event "Czech Open-E Teams 2022"]
[Site "Pardubice"]
[Date "2022.07.17"]
[Round "7.15"]
[White "Nytra, Ondrej"]
[Black "Vitak, Jiri"]
[Result "1/2-1/2"]
[ECO "B92"]
[WhiteElo "2214"]
[BlackElo "2223"]
[Annotator "ChessBase"]
[PlyCount "75"]
[EventDate "2022.07.14"]
[EventType "team-tourn"]
[EventCountry "CZE"]
[SourceTitle "playchess.com"]
[Source "ChessBase"]
[SourceQuality "1"]
[TimeControl "5400+30"]

1. e4 c5 2. Nf3 d6 3. d4 cxd4 4. Nxd4 Nf6 5. Nc3 a6 6. Be2 e5 7. Nf3 Be7 8. Bg5 Nbd7 9. O-O O-O 10. Re1 b5 11. a4 bxa4 12. Nxa4 Bb7 13. Bd3 Qc7 14. Qe2 Rfe8 15. c4 Nc5 16. Nxc5 dxc5 17. Bxf6 Bxf6 18. Bc2 Red8 19. Nd2 Bg5 20. Nf3 Bh6 21. Red1 g6 22. h3 f6 23. g4 Bf4 24. Ra3 Rxd1+ 25. Qxd1 Rd8 26. Rd3 Rxd3 27. Qxd3 f5 28. gxf5 gxf5 29. Qe2 Qc6 30. Nh4 fxe4 31. Qg4+ Kh8 32. Qf5 Qh6 33. Ng2 e3 34. Nxf4 exf4 35. Kf1 exf2 36. Qe5+ Qg7 37. Qe8+ Qg8 38. Qe5+ 1/2-1/2

[Event "Czech Open-E Teams 2022"]
[Site "Pardubice"]
[Date "2022.07.17"]
[Round "7.16"]
[White "Sykora, Marek"]
[Black "Jasny, Stanislav"]
[Result "1-0"]
[ECO "B23"]
[WhiteElo "2240"]
[BlackElo "2261"]
[Annotator "ChessBase"]
[PlyCount "77"]
[EventDate "2022.07.14"]
[EventType "team-tourn"]
[EventCountry "CZE"]
[SourceTitle "playchess.com"]
[Source "ChessBase"]
[SourceQuality "1"]
[TimeControl "5400+30"]

1. e4 c5 2. Nc3 e6 3. g3 d5 4. d3 Nc6 5. Bg2 Nf6 6. f4 Be7 7. e5 Nd7 8. Nf3 a6 9. Ne2 b6 10. d4 Qc7 11. c3 a5 12. f5 Ba6 13. fxe6 fxe6 14. a3 O-O 15. O-O Rf7 16. Be3 Raf8 17. Nd2 Ncxe5 18. Bf4 g5 19. Bxe5 Nxe5 20. dxe5 Qxe5 21. Re1 Qe3+ 22. Kh1 Rf2 23. Nf1 Rxf1+ 24. Bxf1 Rxf1+ 25. Rxf1 Bxe2 26. Qe1 Qe4+ 27. Kg1 c4 28. h3 Bc5+ 29. Kh2 e5 30. Rf6 Kg7 31. Re6 Kf7 32. Rc6 Be3 33. Qb1 Qd3 34. Rd6 d4 35. cxd4 e4 36. Rxb6 Bf3 37. Qxd3 cxd3 38. Rb3 a4 39. Rxd3 1-0

[Event "Czech Open-E Teams 2022"]
[Site "Pardubice"]
[Date "2022.07.17"]
[Round "7.17"]
[White "Stalmach, Richard"]
[Black "Sprenar, Petr"]
[Result "1-0"]
[ECO "D31"]
[WhiteElo "2363"]
[BlackElo "2276"]
[Annotator "ChessBase"]
[PlyCount "59"]
[EventDate "2022.07.14"]
[EventType "team-tourn"]
[EventCountry "CZE"]
[SourceTitle "playchess.com"]
[Source "ChessBase"]
[SourceQuality "1"]
[TimeControl "5400+30"]

1. d4 d5 2. c4 e6 3. Nc3 Bb4 4. cxd5 exd5 5. Bf4 c6 6. e3 Nf6 7. Bd3 O-O 8. Qc2 Bd6 9. Nge2 Re8 10. h3 Qe7 11. O-O-O Nbd7 12. g4 Nf8 13. Bxd6 Qxd6 14. Nf4 Ng6 15. Nce2 Ne4 16. Rhf1 Bd7 17. f3 Ng5 18. Nxg6 hxg6 19. h4 Nh7 20. e4 dxe4 21. fxe4 Bxg4 22. e5 Qe7 23. Rf4 Be6 24. h5 Nf8 25. hxg6 Nxg6 26. Bxg6 fxg6 27. Qxg6 Bf7 28. Qg3 c5 29. Rg1 Bh5 30. Rh1 1-0

[Event "Czech Open-E Teams 2022"]
[Site "Pardubice"]
[Date "2022.07.17"]
[Round "7.18"]
[White "Tichy, Stepan"]
[Black "Mica, Marek"]
[Result "1/2-1/2"]
[ECO "D02"]
[WhiteElo "2207"]
[BlackElo "2304"]
[Annotator "ChessBase"]
[PlyCount "58"]
[EventDate "2022.07.14"]
[EventType "team-tourn"]
[EventCountry "CZE"]
[SourceTitle "playchess.com"]
[Source "ChessBase"]
[SourceQuality "1"]
[TimeControl "5400+30"]

1. d4 Nf6 2. Nf3 d5 3. Bf4 e6 4. c3 Bd6 5. Bg3 c5 6. e3 Qc7 7. Bxd6 Qxd6 8. Ne5 O-O 9. Bd3 Nbd7 10. f4 b6 11. Nd2 Bb7 12. O-O Rfd8 13. Qf3 Qe7 14. Qh3 Ne4 15. Nxe4 dxe4 16. Bc2 f5 17. Bb3 Nxe5 18. fxe5 g6 19. Rf2 cxd4 20. cxd4 Rac8 21. g4 Bd5 22. Bxd5 Rxd5 23. Qg2 Kh8 24. Kh1 Rd7 25. gxf5 gxf5 26. Rg1 Rdd8 27. Qh3 Rg8 28. Rfg2 Rxg2 29. Qxg2 Qf7 1/2-1/2

[Event "Czech Open-E Teams 2022"]
[Site "Pardubice"]
[Date "2022.07.17"]
[Round "7.19"]
[White "Frank, Adam"]
[Black "Galicek, Stanislav"]
[Result "1-0"]
[ECO "B96"]
[WhiteElo "2313"]
[BlackElo "2071"]
[Annotator "ChessBase"]
[PlyCount "35"]
[EventDate "2022.07.14"]
[EventType "team-tourn"]
[EventCountry "CZE"]
[SourceTitle "playchess.com"]
[Source "ChessBase"]
[SourceQuality "1"]
[TimeControl "5400+30"]

1. e4 c5 2. Nf3 d6 3. d4 cxd4 4. Nxd4 Nf6 5. Nc3 a6 6. Bg5 e6 7. f4 Nbd7 8. Qe2 Qc7 9. O-O-O b5 10. a3 Bb7 11. g4 Be7 12. Bg2 Qc4 13. Qd2 O-O-O 14. Bh4 Rhe8 15. g5 Nh5 16. Bf2 g6 17. b3 Qc7 18. Ndxb5 1-0

[Event "Czech Open-E Teams 2022"]
[Site "Pardubice"]
[Date "2022.07.17"]
[Round "7.20"]
[White "Postl, Petr"]
[Black "Gnojek, Petr"]
[Result "0-1"]
[ECO "B23"]
[WhiteElo "1900"]
[BlackElo "2295"]
[Annotator "ChessBase"]
[PlyCount "70"]
[EventDate "2022.07.14"]
[EventType "team-tourn"]
[EventCountry "CZE"]
[SourceTitle "playchess.com"]
[Source "ChessBase"]
[SourceQuality "1"]
[TimeControl "5400+30"]

1. e4 c5 2. Nc3 e6 3. f4 d5 4. exd5 exd5 5. Nf3 Nf6 6. Bb5+ Nbd7 7. O-O Be7 8. Re1 O-O 9. Ne5 a6 10. Bxd7 Bxd7 11. Nxd7 Qxd7 12. d3 Rfe8 13. Qf3 Qc6 14. Bd2 c4 15. Kh1 cxd3 16. cxd3 Bc5 17. g4 d4 18. Qxc6 bxc6 19. Ne4 Nxe4 20. dxe4 Rab8 21. b3 Ba3 22. Rab1 c5 23. e5 Rbc8 24. Bc1 Bb4 25. Rd1 f6 26. a3 Bc3 27. exf6 gxf6 28. Bd2 Re2 29. Be1 Rce8 30. Bg3 Ra2 31. a4 f5 32. gxf5 Ree2 33. Kg1 Kf7 34. Rd3 Kf6 35. Rf3 Kxf5 0-1

[Event "Czech Open-E Teams 2022"]
[Site "Pardubice"]
[Date "2022.07.17"]
[Round "7.22"]
[White "Vyprachticky, David"]
[Black "Soural, Jan"]
[Result "1/2-1/2"]
[ECO "B35"]
[WhiteElo "2302"]
[BlackElo "2119"]
[Annotator "ChessBase"]
[PlyCount "31"]
[EventDate "2022.07.14"]
[EventType "team-tourn"]
[EventCountry "CZE"]
[SourceTitle "playchess.com"]
[Source "ChessBase"]
[SourceQuality "1"]
[TimeControl "5400+30"]

1. e4 c5 2. Nf3 Nc6 3. d4 cxd4 4. Nxd4 g6 5. Nc3 Bg7 6. Be3 Nf6 7. Bc4 O-O 8. Bb3 d6 9. f3 Nxd4 10. Bxd4 Be6 11. Bxe6 fxe6 12. Qd2 Qa5 13. O-O-O b5 14. Kb1 b4 15. Ne2 Qb5 16. Qd3 1/2-1/2

[Event "Czech Open-E Teams 2022"]
[Site "Pardubice"]
[Date "2022.07.17"]
[Round "7.23"]
[White "Postupa, Pavel"]
[Black "Oresky, Jan"]
[Result "1/2-1/2"]
[ECO "B91"]
[WhiteElo "2235"]
[BlackElo "2274"]
[Annotator "ChessBase"]
[PlyCount "20"]
[EventDate "2022.07.14"]
[EventType "team-tourn"]
[EventCountry "CZE"]
[SourceTitle "playchess.com"]
[Source "ChessBase"]
[SourceQuality "1"]
[TimeControl "5400+30"]

1. e4 c5 2. Nf3 d6 3. d4 cxd4 4. Nxd4 Nf6 5. Nc3 a6 6. g3 g6 7. Bg2 Bg7 8. O-O O-O 9. h3 Qc7 10. Bg5 Nbd7 1/2-1/2

[Event "Czech Open-E Teams 2022"]
[Site "Pardubice"]
[Date "2022.07.17"]
[Round "7.24"]
[White "Vedral, Oldrich"]
[Black "Postupa, Martin"]
[Result "1-0"]
[ECO "C50"]
[WhiteElo "2268"]
[BlackElo "2023"]
[Annotator "ChessBase"]
[PlyCount "63"]
[EventDate "2022.07.14"]
[EventType "team-tourn"]
[EventCountry "CZE"]
[SourceTitle "playchess.com"]
[Source "ChessBase"]
[SourceQuality "1"]
[TimeControl "5400+30"]

1. e4 e5 2. Nf3 Nc6 3. Bc4 Be7 4. d4 d6 5. h3 Nf6 6. d5 Nb8 7. Nc3 O-O 8. Be3 h6 9. Qd2 Nh7 10. O-O-O Ng5 11. h4 Nh7 12. Rdg1 Bg4 13. Nh2 Bd7 14. g3 a6 15. f4 f6 16. f5 b5 17. Be2 b4 18. Nd1 a5 19. Bh5 Kh8 20. Bg6 Rg8 21. g4 Be8 22. g5 fxg5 23. hxg5 Bxg6 24. fxg6 Nf8 25. gxh6 gxh6 26. g7+ Rxg7 27. Rxg7 Kxg7 28. Bxh6+ Kg6 29. Rg1+ Kh7 30. Rg7+ Kh8 31. Qg2 Nh7 32. Rxh7+ 1-0

[Event "Czech Open-E Teams 2022"]
[Site "Pardubice"]
[Date "2022.07.17"]
[Round "7.25"]
[White "Slovak, Kilian"]
[Black "Zeman, Matyas"]
[Result "1/2-1/2"]
[ECO "B01"]
[WhiteElo "2321"]
[BlackElo "2262"]
[Annotator "ChessBase"]
[PlyCount "91"]
[EventDate "2022.07.14"]
[EventType "team-tourn"]
[EventCountry "CZE"]
[SourceTitle "playchess.com"]
[Source "ChessBase"]
[SourceQuality "1"]
[TimeControl "5400+30"]

1. e4 d5 2. exd5 Nf6 3. d4 Bg4 4. Bb5+ c6 5. dxc6 Nxc6 6. Bxc6+ bxc6 7. Nf3 e6 8. O-O Bd6 9. Bg5 Qc7 10. h3 Bh5 11. Nbd2 h6 12. Bxf6 gxf6 13. Ne4 Be7 14. Ng3 Bg6 15. Qe2 Qf4 16. Rfe1 O-O 17. c3 Rfd8 18. Rad1 a5 19. b3 Rd5 20. Qe3 Qxe3 21. fxe3 c5 22. Ne2 Rdd8 23. Nf4 Be4 24. Nd2 Bc2 25. Rc1 Bh7 26. Nc4 Be4 27. Red1 Ra7 28. Nd3 cxd4 29. exd4 a4 30. Nc5 Bc6 31. b4 Rd5 32. Ne3 Rg5 33. c4 Bd6 34. Nd3 f5 35. b5 Bf3 36. Rd2 Ba3 37. Rf1 Be4 38. c5 Rd7 39. Nc2 Bxd3 40. Rxd3 Bxc5 41. dxc5 Rxd3 42. b6 Rd2 43. Rf2 Rd1+ 44. Rf1 Rd2 45. Rf2 Rd1+ 46. Rf1 1/2-1/2

[Event "Czech Open-E Teams 2022"]
[Site "Pardubice"]
[Date "2022.07.17"]
[Round "7.26"]
[White "Skacelik, Petr"]
[Black "Brejnik, Gustav"]
[Result "0-1"]
[ECO "D52"]
[WhiteElo "2170"]
[BlackElo "2292"]
[Annotator "ChessBase"]
[PlyCount "86"]
[EventDate "2022.07.14"]
[EventType "team-tourn"]
[EventCountry "CZE"]
[SourceTitle "playchess.com"]
[Source "ChessBase"]
[SourceQuality "1"]
[TimeControl "5400+30"]

1. d4 d5 2. c4 c6 3. Nc3 Nf6 4. Nf3 e6 5. Bg5 Nbd7 6. e3 Qa5 7. cxd5 Nxd5 8. Qd2 Bb4 9. Rc1 Nxc3 10. bxc3 Ba3 11. Rb1 b6 12. Bd3 Ba6 13. O-O Bxd3 14. Qxd3 O-O 15. Rfd1 Rfe8 16. Bf4 Bf8 17. c4 h6 18. h3 c5 19. Ne5 Nxe5 20. Bxe5 cxd4 21. exd4 Rac8 22. Qb3 Red8 23. Rd3 Bd6 24. Bxd6 Rxd6 25. Rbd1 Rcd8 26. a4 Rxd4 27. Rxd4 Rxd4 28. Rxd4 Qe1+ 29. Kh2 Qe5+ 30. Kg1 Qxd4 31. Qb5 g6 32. a5 Qa1+ 33. Kh2 Qxa5 34. Qd7 Qe5+ 35. g3 Qc5 36. Kg2 Qxc4 37. Qxa7 Qd5+ 38. Kg1 b5 39. h4 h5 40. Qc7 Kg7 41. Qc3+ e5 42. Qb2 Qc5 43. Kf1 b4 0-1

[Event "Czech Open-E Teams 2022"]
[Site "Pardubice"]
[Date "2022.07.17"]
[Round "7.27"]
[White "Parizek, Vojtech"]
[Black "Bures, Vit"]
[Result "1-0"]
[ECO "C89"]
[WhiteElo "2217"]
[BlackElo "2112"]
[Annotator "ChessBase"]
[PlyCount "104"]
[EventDate "2022.07.14"]
[EventType "team-tourn"]
[EventCountry "CZE"]
[SourceTitle "playchess.com"]
[Source "ChessBase"]
[SourceQuality "1"]
[TimeControl "5400+30"]

1. e4 e5 2. Nf3 Nc6 3. Bb5 a6 4. Ba4 Nf6 5. O-O Be7 6. Re1 b5 7. Bb3 O-O 8. c3 d5 9. exd5 Nxd5 10. Nxe5 Nxe5 11. Rxe5 c6 12. d4 Bd6 13. Re1 Qh4 14. g3 Qh3 15. Be3 Bg4 16. Qd3 Rae8 17. Nd2 Qh5 18. a4 Re6 19. axb5 axb5 20. Nf1 Rfe8 21. Qd2 h6 22. Bd1 f5 23. Bxg4 Qxg4 24. Qd1 Qg6 25. Qf3 f4 26. Bd2 h5 27. Rxe6 Rxe6 28. Re1 Rxe1 29. Bxe1 h4 30. Nd2 fxg3 31. hxg3 hxg3 32. fxg3 Qh6 33. Ne4 Qc1 34. Qe2 Be7 35. Kf2 Qh6 36. Kg2 Qc1 37. Bf2 Bf8 38. Qg4 Qxb2 39. Qe6+ Kh8 40. Ng5 Nf6 41. Nf7+ Kh7 42. Qxc6 b4 43. cxb4 Bxb4 44. Qe6 Qc2 45. Qh3+ Kg8 46. Qe6 Qe4+ 47. Qxe4 Nxe4 48. Ne5 Bd6 49. Nc4 Bc7 50. Kf3 Nf6 51. Be3 Nd5 52. g4 Kf7 1-0

[Event "Czech Open-E Teams 2022"]
[Site "Pardubice"]
[Date "2022.07.17"]
[Round "7.28"]
[White "Vavra, Michal"]
[Black "Dvorak, Jan"]
[Result "1/2-1/2"]
[ECO "D37"]
[WhiteElo "1939"]
[BlackElo "2194"]
[Annotator "ChessBase"]
[PlyCount "38"]
[EventDate "2022.07.14"]
[EventType "team-tourn"]
[EventCountry "CZE"]
[SourceTitle "playchess.com"]
[Source "ChessBase"]
[SourceQuality "1"]
[TimeControl "5400+30"]

1. Nf3 e6 2. c4 d5 3. d4 Nf6 4. Nc3 Nbd7 5. g3 Be7 6. Bg2 O-O 7. cxd5 exd5 8. O-O c6 9. Qc2 Re8 10. Bg5 Ne4 11. Bxe7 Qxe7 12. e3 Ndf6 13. Rad1 Bg4 14. Rde1 Qe6 15. Ne5 Bh3 16. Nxe4 Nxe4 17. Qe2 Bxg2 18. Kxg2 f6 19. Nd3 Rad8 1/2-1/2

[Event "Czech Open-E Teams 2022"]
[Site "Pardubice"]
[Date "2022.07.17"]
[Round "7.29"]
[White "Eret, Matous"]
[Black "Walek, Petr"]
[Result "1-0"]
[ECO "A00"]
[WhiteElo "2273"]
[BlackElo "2237"]
[Annotator "ChessBase"]
[PlyCount "65"]
[EventDate "2022.07.14"]
[EventType "team-tourn"]
[EventCountry "CZE"]
[SourceTitle "playchess.com"]
[Source "ChessBase"]
[SourceQuality "1"]
[TimeControl "5400+30"]

1. a3 e5 2. e3 d6 3. c4 g6 4. b4 Bg7 5. Bb2 f5 6. h4 Nf6 7. Be2 h6 8. d4 Qe7 9. dxe5 dxe5 10. Nf3 Nbd7 11. Nc3 e4 12. Nd4 Ne5 13. Qb3 O-O 14. c5+ Kh8 15. O-O-O h5 16. Kb1 Rd8 17. f3 c6 18. Rhf1 exf3 19. gxf3 Nh7 20. e4 Qxh4 21. f4 Ng4 22. e5 Nxe5 23. fxe5 Rxd4 24. Rxd4 Qxd4 25. Rd1 Qh4 26. Qf7 b5 27. cxb6 axb6 28. Bc4 Ba6 29. Bxa6 Rxa6 30. Rd7 Qe1+ 31. Nd1 Qe4+ 32. Ka2 Qc4+ 33. Qxc4 1-0

[Event "Czech Open-E Teams 2022"]
[Site "Pardubice"]
[Date "2022.07.17"]
[Round "7.30"]
[White "Kratochvil, Vit"]
[Black "Eret, Jonas"]
[Result "1/2-1/2"]
[ECO "B07"]
[WhiteElo "2237"]
[BlackElo "2219"]
[Annotator "ChessBase"]
[PlyCount "79"]
[EventDate "2022.07.14"]
[EventType "team-tourn"]
[EventCountry "CZE"]
[SourceTitle "playchess.com"]
[Source "ChessBase"]
[SourceQuality "1"]
[TimeControl "5400+30"]

1. e4 d6 2. d4 Nf6 3. Nc3 Nbd7 4. h3 e5 5. Nge2 Be7 6. g4 exd4 7. Nxd4 Nb6 8. g5 Nfd7 9. Rg1 Nc5 10. Qf3 c6 11. Be3 Qc7 12. O-O-O g6 13. Qg3 Ne6 14. f4 Ng7 15. f5 gxf5 16. Bd3 fxe4 17. Nxe4 Nd5 18. Nb5 cxb5 19. Bxb5+ Kf8 20. Rxd5 Be6 21. Rc5 Qa5 22. Nxd6 Qxa2 23. Bd4 Rd8 24. Qe5 Rg8 25. Nxb7 Rxd4 26. Qxd4 Nf5 27. Rxf5 Bxf5 28. h4 Be6 29. Kd2 Bd5 30. b3 Bxb3 31. Qc3 Be6 32. Bc6 Qc4 33. Qxc4 Bxc4 34. Rg4 Be6 35. Ra4 Kg7 36. Rxa7 Rc8 37. Be4 Rc4 38. Kd3 Rb4 39. Na5 Bc5 40. Nc6 1/2-1/2

[Event "Czech Open-E Teams 2022"]
[Site "Pardubice"]
[Date "2022.07.17"]
[Round "7.31"]
[White "Simet, Martin"]
[Black "Ruzicka, Josef"]
[Result "1-0"]
[ECO "B90"]
[WhiteElo "2155"]
[BlackElo "2177"]
[Annotator "ChessBase"]
[PlyCount "55"]
[EventDate "2022.07.14"]
[EventType "team-tourn"]
[EventCountry "CZE"]
[SourceTitle "playchess.com"]
[Source "ChessBase"]
[SourceQuality "1"]
[TimeControl "5400+30"]

1. e4 c5 2. Nf3 d6 3. d4 cxd4 4. Nxd4 Nf6 5. Nc3 a6 6. h3 e6 7. g4 Be7 8. Bg2 Nc6 9. O-O Qc7 10. b3 O-O 11. Nce2 Nxd4 12. Nxd4 d5 13. exd5 Nxd5 14. Qf3 Bf6 15. Bb2 Bxd4 16. Bxd4 Qxc2 17. Rfc1 Qg6 18. Qg3 Rd8 19. Rc5 b6 20. Rc6 b5 21. Re1 Bb7 22. Rd6 Qg5 23. h4 Qe7 24. Rxd8+ Rxd8 25. g5 Nb4 26. Bf6 Qd7 27. Bxd8 Bxg2 28. Ba5 1-0

[Event "Czech Open-E Teams 2022"]
[Site "Pardubice"]
[Date "2022.07.17"]
[Round "7.32"]
[White "Kosut, Tomas"]
[Black "Rut, Vojtech"]
[Result "0-1"]
[ECO "B51"]
[WhiteElo "1820"]
[BlackElo "2080"]
[Annotator "TA"]
[PlyCount "96"]
[EventDate "2022.07.14"]
[EventType "team-tourn"]
[EventCountry "CZE"]
[SourceTitle "playchess.com"]
[Source "ChessBase"]
[SourceQuality "1"]
[TimeControl "5400+30"]

1. e4 c5 2. Nf3 d6 3. Bb5+ Nd7 4. O-O a6 5. Bxd7+ Bxd7 6. d3 {B51: Sicilian: Moscow Variation (3 Bb5+) without 3...Bd7.} g6 7. Nc3 Bg7 8. Be3 {[%emt 0:02:06] [#] The position is equal.} e5 $146 {[%emt 0:08:43] Inhibits d4.} (8... Nf6 $11) ({Predecessor:} 8... Nf6 9. h3 Qc7 10. Qd2 h6 11. Rae1 g5 12. d4 e5 13. dxe5 dxe5 14. Rd1 g4 15. hxg4 Bxg4 {½-½ (46) Pilarte,R (2250)-Reyes Najera,C (2235) San Salvador 1998}) 9. h3 (9. b4 $14) 9... f5 10. exf5 gxf5 11. Bg5 Nf6 (11... Bf6 $5 12. Nd5 Bc6 13. Nxf6+ Nxf6 $11) 12. Re1 (12. Nh4 $11) 12... O-O $1 $15 13. Qd2 Bc6 14. Nh4 Qd7 15. f4 h6 16. Ng6 $2 {[%emt 0:07:54] This costs White the game.} (16. fxe5 $17 {keeps fighting.} hxg5 17. e6) 16... hxg5 $19 17. Nxf8 Rxf8 ({Wrong is} 17... Bxf8 $2 18. fxe5 dxe5 19. Qxg5+ Kf7 20. Rxe5 Qd4+ 21. Qe3 $19) 18. fxe5 dxe5 19. Qxg5 Nh7 20. Qh5 Qd4+ 21. Kh1 Qf2 22. Re2 (22. Rg1 $142) 22... Bxg2+ $2 $40 {[%emt 0:00:50][%mdl 128] Black goes for the king.} (22... Qf4 23. Ree1 Qg3) 23. Kh2 {[%emt 0:00:06] [#]} Bf3+ $1 24. Rxf2 Bxh5 {[%emt 0:00:01] A strong pair of Bishops.} 25. Nd5 (25. Raf1 $142) 25... f4 26. Rg1 f3 {[%emt 0:04:09][%cal Oe5e4] Prevents Rfg2.} 27. Ne7+ Kf7 28. Nf5 Bf6 29. Ng3 Bh4 30. Nxh5 $2 (30. Rgf1 Bxg3+ 31. Kxg3) 30... Bxf2 31. Rg7+ Ke6 {[%emt 0:00:57] aiming for ...Nf6.} 32. Rxh7 {[%emt 0:00:20][%mdl 4096] Endgame KRB-KRN} Be3 {[%emt 0:00:11] Hoping for ...f2.} 33. Rxb7 f2 34. Rb6+ Ke7 35. Ng3 Bf4 36. Kg2 Bxg3 {[%emt 0:00:23] KRB-KR} 37. Kf1 Rh8 38. Rb7+ Ke6 39. Rb6+ Kf5 40. Rb7 Rxh3 41. Kg2 {[%emt 0:01:52] Against Rh1} Rh2+ 42. Kxg3 f1=N+ {[%emt 0:00:09] KRN-KR} ({Resist} 42... Rh7 43. Rxh7 f1=N+ 44. Kf2 $18) 43. Kf3 Rxc2 {[%emt 0:00:16] Strongly threatening ...c4.} 44. a4 {[%emt 0:01:14] [#]} (44. Rf7+ $19 Ke6 45. Rb7) 44... c4 45. Rb8 cxd3 46. Rf8+ Ke6 {[%emt 0:00:53] ( -> ...Rc4)} 47. Rd8 d2 48. Ke2 Rc1 {[%emt 0:00:32] Weighted Error Value: White=0.87/Black=0.42} 0-1

[Event "Czech Open-E Teams 2022"]
[Site "Pardubice"]
[Date "2022.07.17"]
[Round "7.33"]
[White "Hlavina, Matous"]
[Black "Petr, Martin"]
[Result "1/2-1/2"]
[ECO "B01"]
[WhiteElo "2133"]
[BlackElo "2500"]
[Annotator "ChessBase"]
[PlyCount "94"]
[EventDate "2022.07.14"]
[EventType "team-tourn"]
[EventCountry "CZE"]
[SourceTitle "playchess.com"]
[Source "ChessBase"]
[SourceQuality "1"]
[TimeControl "5400+30"]

1. e4 d5 2. exd5 Qxd5 3. Nc3 Qa5 4. Bc4 Nf6 5. Nge2 c6 6. d4 g6 7. O-O Bg7 8. h3 O-O 9. Be3 Nbd7 10. Qd2 Nb6 11. Bb3 Qa6 12. Bh6 Nc4 13. Bxc4 Qxc4 14. Bxg7 Kxg7 15. Rfe1 Rd8 16. Qe3 Qb4 17. b3 Bf5 18. Rac1 h5 19. Ng3 Be6 20. Rcd1 h4 21. Nge4 Bf5 22. f3 Nd5 23. Nxd5 cxd5 24. c3 Qa3 25. Ng5 Qd6 26. f4 e6 27. Qe5+ Qxe5 28. fxe5 Rac8 29. Re3 Rc7 30. Nf3 Rh8 31. Kf2 Rh5 32. Ke2 g5 33. Nh2 Rh8 34. Kd2 b5 35. Rc1 Rhc8 36. Ng4 Bxg4 37. hxg4 b4 38. Rf3 Kg8 39. Rc2 Kg7 40. Rc1 Rxc3 41. Rcxc3 Rxc3 42. Rxc3 bxc3+ 43. Kxc3 f5 44. gxf5 g4 45. f6+ Kf7 46. Kd3 h3 47. Ke2 h2 1/2-1/2

[Event "Czech Open-E Teams 2022"]
[Site "Pardubice"]
[Date "2022.07.17"]
[Round "7.34"]
[White "Neuman, Petr"]
[Black "Ocelak, Jakub"]
[Result "1-0"]
[ECO "C44"]
[WhiteElo "2378"]
[BlackElo "2120"]
[Annotator "ChessBase"]
[PlyCount "77"]
[EventDate "2022.07.14"]
[EventType "team-tourn"]
[EventCountry "CZE"]
[SourceTitle "playchess.com"]
[Source "ChessBase"]
[SourceQuality "1"]
[TimeControl "5400+30"]

1. e4 e5 2. Nf3 Nc6 3. c3 Nf6 4. d3 d6 5. g3 g6 6. Bg2 Bg7 7. O-O O-O 8. Re1 Re8 9. b4 h6 10. Bb2 Qe7 11. Nbd2 Qf8 12. a3 Kh7 13. d4 Nd7 14. Qc2 a5 15. d5 Ne7 16. c4 c5 17. dxc6 bxc6 18. Nb3 axb4 19. axb4 Rb8 20. Qd2 c5 21. b5 Nb6 22. Qd3 Be6 23. Nfd2 Nec8 24. Bc3 f5 25. Na5 f4 26. gxf4 Qxf4 27. Bh3 Bg8 28. Re3 h5 29. Rf3 Qh4 30. Rg3 Bh6 31. Nf3 Qf6 32. Kh1 Bf4 33. Rg2 g5 34. Bf5+ Kh6 35. Nxg5 Bxg5 36. Rag1 Bf7 37. Rxg5 Qxg5 38. Bd2 Qxd2 39. Qxd2# 1-0

[Event "Czech Open-E Teams 2022"]
[Site "Pardubice"]
[Date "2022.07.17"]
[Round "7.35"]
[White "Bezdek, Tomas"]
[Black "Urban, Tomas"]
[Result "1-0"]
[ECO "B01"]
[WhiteElo "2061"]
[BlackElo "1815"]
[Annotator "TA"]
[PlyCount "49"]
[EventDate "2022.07.14"]
[EventType "team-tourn"]
[EventCountry "CZE"]
[SourceTitle "playchess.com"]
[Source "ChessBase"]
[SourceQuality "1"]
[TimeControl "5400+30"]

1. e4 d5 2. exd5 Nf6 3. d4 Qxd5 4. Nc3 Qa5 5. Bd2 c6 6. h3 {[%emt 0:03:03] B01: Scandinavian Defence.} Qc7 7. Bc4 Bf5 8. Nge2 {[%emt 0:00:43] White is slightly better.} e6 9. Bf4 Bd6 10. Bxd6 Qxd6 {[%emt 0:00:15] [#]} 11. Qd2 $146 ({Predecessor:} 11. Bd3 Bxd3 12. Qxd3 Nbd7 13. O-O-O O-O-O 14. a3 Nb6 15. Qg3 Qxg3 16. Nxg3 Nbd5 17. Nxd5 exd5 {0-1 (28) Fragkou,M (1462)-Serefidou,D (1634) Kallithea 2009}) 11... Nbd7 12. O-O-O Nb6 ({Better is} 12... b5 $1 $15 13. Bd3 b4) 13. Bb3 $11 O-O-O 14. Ng3 Bg6 15. Nce2 Rd7 16. Nf4 Rhd8 17. Nxg6 hxg6 18. Ne2 {[%emt 0:07:14] [#]} (18. Qg5 $11) 18... c5 $1 $17 {[%emt 0:06:09] Threatens to win with ...c4.} 19. Qa5 Ne4 20. Rhf1 Qc6 (20... Qe7 $17 21. Nc3 Nxc3 22. Qxc3 Rxd4 23. Rxd4 Rxd4) 21. f3 $11 c4 22. fxe4 {[%emt 0:00:47] [#] aiming for d5.} cxb3 23. axb3 {[%emt 0:01:54] d5 is the strong threat.} Qxe4 24. Nc3 Qe3+ (24... Qxg2 $11 {keeps the balance.} 25. Qxa7 Qc6) 25. Kb1 {Weighted Error Value: White=0.20 (precise) /Black=0.29 (precise)} 1-0